 Dungeon Crawl Stone Soup version 0.30.0-19-g36f170ea60 (webtiles) character file.

Game seed: 5301799130828917415

37545 Fymir27 the Bludgeoner (level 13, 0/104 HPs)
             Began as a Minotaur Fighter on May 27, 2023.
             Was a High Priest of Hepliaklqana.
             Killed from afar by a starcursed mass (7 damage)
             ... with an accursed screaming
             ... on level 2 of the Abyss.
             The game lasted 01:34:50 (18668 turns).

Fymir27 the Bludgeoner (Minotaur Fighter)          Turns: 18668, Time: 01:34:51

Health: 0/104      AC: 15    Str: 24    XL:     13   Next: 59%
Magic:  16/16      EV: 15    Int:  7    God:    Hepliaklqana [*****.]
Gold:   2011       SH:  7    Dex: 15    Spells: 11/16 levels left

rFire   + . .        P - +2 mace (drain)
rCold   . . .        c - +0 buckler
rNeg    . . .        a - +3 ring mail
rPois   .            (helmet restricted)
rElec   .            R - +0 cloak
rCorr   .            s - +0 pair of gloves "Nuzoffay" {Fly Str+2 Dex+3}
SInv    +            M - +0 pair of boots
Will    .....        (no amulet)
Stlth   +            W - ring of see invisible
HPRegen 0.37/turn    Y - ring of protection from fire
MPRegen 0.15/turn

%: no passive effects
@: flying, invisible
A: reduced essence, horns 2, retaliatory headbutt, inability to read after
injury 1
a: Renounce Religion, Recall Ancestor, Ancestor Identity, Transference, Idealise


You were on level 2 of the Abyss.
You worshipped Hepliaklqana.
Hepliaklqana was extremely pleased with you.
You visited 4 branches of the dungeon, and saw 19 of its levels.
You visited the Abyss 1 time.
You also visited: Ossuary.

You collected 2011 gold pieces.

Inventory:

Hand Weapons
 A - a +2 dire flail of draining
 P - a +2 mace of draining (weapon)
Missiles
 y - 56 poisoned darts
Armour
 a - a +3 ring mail (worn)
 c - a +0 buckler (worn)
 d - a +3 troll leather armour {Snorg}
 s - the +0 pair of gloves "Nuzoffay" (worn) {Fly Str+2 Dex+3}
   (You found it on level 2 of the Dungeon)

   Str:       It affects your strength (+2).
   Dex:       It affects your dexterity (+3).
   Fly:       It grants you flight.
 x - a +1 ring mail of cold resistance
 M - a +0 pair of boots (worn)
 R - a +0 cloak (worn)
Jewellery
 b - a ring of wizardry
 f - a +6 ring of intelligence
 r - a ring of positive energy
 u - a ring of protection from cold
 W - a ring of see invisible (left hand)
 Y - a ring of protection from fire (right hand)
Wands
 o - a wand of quicksilver (10)
 z - a wand of flame (21) (quivered)
 E - a wand of polymorph (3)
 U - a wand of mindburst (5)
 V - a wand of roots (9)
 Z - a wand of digging (8)
Scrolls
 g - 2 scrolls of fear
 k - 8 scrolls of silence
 n - 3 scrolls of enchant weapon
 B - a scroll of amnesia
 C - 4 scrolls of immolation
 H - 4 scrolls of enchant armour
 J - a scroll of magic mapping
 L - a scroll of poison
 N - a scroll of torment
 Q - 4 scrolls of blinking
 S - 8 scrolls of teleportation
 T - a scroll of vulnerability
 X - 3 scrolls of fog
Potions
 e - 5 potions of lignification
 h - 3 potions of ambrosia
 i - 2 potions of berserk rage
 j - 5 potions of brilliance
 l - 11 potions of curing
 t - a potion of magic
 v - 3 potions of haste
 D - a potion of resistance
 F - 3 potions of mutation
 G - a potion of cancellation
 I - a potion of might
 K - 2 potions of attraction
Miscellaneous
 p - a condenser vane
 q - a lightning rod (1/4)


   Skills:
 + Level 11.2 Fighting
 - Level 15.0 Maces & Flails
 + Level 11.2 Armour
 + Level 9.5 Dodging
 + Level 11.2 Shields
 - Level 2.0 Spellcasting
 - Level 2.1 Air Magic
 - Level 3.3 Earth Magic
 + Level 6.1 Invocations
 + Level 4.6 Evocations


You had 11 spell levels left.
You knew the following spells:

 Your Spells              Type           Power      Damage    Failure   Level
a - Passwall              Tmut/Erth      2%         N/A       43%         2
b - Swiftness             Air            3%         N/A       58%         3

Your spell library contained the following spells:

 Spells                   Type           Power      Damage    Failure   Level
 Cigotuvi's Dreadful Rot  Necr/Pois/Air  2%         N/A       56%         2
 Blink                    Tloc           0%         N/A       67%         2
 Ensorcelled Hibernation  Hex/Ice        0%         N/A       67%         2
 Stone Arrow              Conj/Erth      6%         3d7       67%         3
 Dazzling Flash           Conj/Hex       0%         N/A       88%         3
 Gell's Gravitas          Tloc           0%         N/A       88%         3
 Ignite Poison            Fire/Tmut/Pois 0%         N/A       88%         3
 Portal Projectile        Hex/Tloc       0%         N/A       88%         3
 Teleport Other           Tloc           0%         N/A       88%         3
 Tukima's Dance           Hex            0%         N/A       88%         3
 Animate Armour           Summ/Erth      6%         N/A       97%         4
 Manifold Assault         Tloc           0%         N/A       99%         4
 Sticky Flame             Conj/Fire      0%         2d3       99%         4
 Agony                    Necr           0%         N/A       100%        5
 Blade Hands              Tmut           0%         N/A       100%        5
 Freezing Cloud           Conj/Ice/Air   0%         6-21      100%        5
 Silence                  Hex/Air        1%         N/A       100%        5
 Summon Forest            Summ/Tloc      0%         N/A       100%        5
 Dispersal                Tloc           0%         N/A       100%        6
 Eringya's Noxious Bog    Tmut/Pois      0%         N/A       100%        6
 Iron Shot                Conj/Erth      1%         9d1       100%        6
 Storm Form               Tmut/Air       1%         N/A       100%        7
 Summon Hydra             Summ           0%         N/A       100%        7
 Borgnjor's Revivificati  Necr           0%         N/A       100%        8
 Ignition                 Fire           0%         3d3       100%        8
 Lehudib's Crystal Spear  Conj/Erth      1%         10d2      100%        8
 Necromutation            Tmut/Necr      0%         N/A       100%        8
 Death's Door             Necr           0%         N/A       100%        9


Dungeon Overview and Level Annotations

Branches:
Dungeon (12/15)            Temple (1/1) D:6            Lair (4/5) D:10
 Shoals (0/4) Lair:2       Spider (0/4) Lair:3          Orc (2/2) D:12
    Elf (0/3) Orc:2       Ossuary (visited)
  Slime: Lair:4-5

Altars:
Ashenzari
Cheibriados
Dithmenos
Elyvilon
Fedhas
Gozag
Hepliaklqana
Kikubaaqudgha
Makhleb
Nemelex Xobeh
Okawaru
Qazlal
Ru
Sif Muna
Trog
Uskayaw
Vehumet
Wu Jian
Xom
Yredelemnul
Zin
The Shining One

Shops:
D:3 :*:   D:4 *   D:5 [   D:8 (


Innate Abilities, Weirdness & Mutations

Your life essence is reduced to manifest your ancestor. (-10% HP)
You have a pair of horns on your head.
You reflexively headbutt those who attack you in melee.
You occasionally lose the ability to read scrolls when taking damage.


Message History

You cannot read scrolls in your current state!
Unknown command.
Unknown command.
Emanuel emerges from the mists of memory!
You swap places.
Emanuel hits the tentacled starspawn with a +0 quarterstaff!!
Aiming: Thunderbolt
Press: ? - help, Shift-Dir - straight line The thunderbolt hits the tentacled starspawn!!
The tentacled starspawn is heavily damaged.
You hear a shout!
You hear a screech!
A large abomination comes into view.
You block the tentacled starspawn's attack.
The tentacled starspawn tentacle-slaps you but does no damage.
Something touches Emanuel.
Emanuel completely misses the tentacled starspawn.
Okay, then.
Press: ? - help, v - describe, . - travel
Here: a tentacled starspawn (heavily damaged, ally target)
The floor.
You fade into invisibility!
You can read scrolls again.
A tentacle flies out from the starspawn's body!
Something closely misses Emanuel.
Emanuel hits the tentacled starspawn with a +0 quarterstaff!
A starspawn tentacle comes into view.
The tentacled starspawn bites Emanuel!
The tentacled starspawn tentacle-slaps Emanuel!!
The large abomination barely misses your butterfly.
Emanuel hits the tentacled starspawn with a +0 quarterstaff!!
Something completely misses Emanuel.
The large abomination barely misses your butterfly.
The tentacled starspawn bites something!!!
Emanuel has departed this plane of existence.
Your butterfly disappears in a burst of colours!
A white imp comes into view.
The white imp shouts, "Escape, thou erky ill-breeding bull-brain!"
You hear a screech!
The starcursed mass shrieks in your mind.
You die...

.#..# ... ..##.#. ..
# # #.. ## . # ###
.. #..## ##X##..#
... #.#.# .# #..#
#...###...##.#..##.#
....#>....##....#
#....b#....#.##
#@..#..#.# #
##..#.#.##. .#
##5X#b#.##.# #5.##X#
..## #.#.#..#.#..#
#...#..X...##
#...#######.....
.##.. ..#...# .##.#
###. #


You could see a starcursed mass, a large abomination (unable to see you) and a
white imp (unable to see you).

Vanquished Creatures
  Azrael (Orc:1)
  Josephine (D:10)
  2 hydras (Lair:4)
  A centaur warrior (D:9)
  A death yak (Lair:4)
  Lodul (D:10)
  A manticore (D:12)
  7 elephants
  4 black mambas
  4 cane toads
  2 kobold demonologists (D:12)
  An unseen horror (D:10)
  A rime drake (Lair:4)
  A wind drake (Lair:2)
  3 trolls
  3 raiju (Abyss:2)
  2 dream sheep (Lair:4)
  Prince Ribbit (D:7)
  8 blink frogs
  Sigmund (D:3)
  2 jumping spiders (Lair:3)
  A shadow (D:12)
  6 wraiths (D:10)
  A wyvern (Lair:4)
  8 yaks
  2 steam dragons
  3 water moccasins
  2 acid dragons
  A hell hound (Orc:2)
  5 orc warriors
  2 sky beasts (D:8)
  An ice beast (D:8)
  12 ogres
  5 wolves (Lair:3)
  2 boggarts (D:12)
  A phantom (D:5)
  A kobold brigand (D:9)
  5 bullfrogs
  2 scorpions
  7 killer bees
  An electric eel (D:10)
  A howler monkey (D:9)
  3 spriggan skeletons (D:10)
  A hound (D:6)
  A gnoll bouda (D:4)
  3 jellies
  4 orc priests
  2 iguanas
  7 orc wizards
  3 hell rats (Lair:3)
  A mummy (Ossuary)
  2 gnolls (D:4)
  3 adders
  2 white imps (D:7)
  An ufetubus (D:4)
  2 worms
  6 dart slugs
  31 orcs
  2 ball pythons
  6 endoplasms
  2 giant cockroaches (D:2)
  7 goblins
  6 hobgoblins
  3 jackals
  7 quokkas
  6 bats
  2 frilled lizards (D:1)
  A gnoll zombie (Ossuary)
  2 goblin zombies (Ossuary)
  25 kobolds
  3 kobold zombies (Ossuary)
  An orc zombie (Ossuary)
  5 rats
267 creatures vanquished.

Vanquished Creatures (collateral kills)
  Snorg (Orc:1)
  2 hydras
  3 death yaks (Lair:4)
  A death knight (D:12)
  Pikel (D:8)
  An ugly thing (D:11)
  A manticore (Lair:2)
  8 elephants
  2 black mambas
  A torpor snail (Lair:4)
  2 rime drakes
  2 trolls
  A hornet (D:9)
  2 starcursed masses (Abyss:2)
  4 blink frogs
  Grinder (D:6)
  A dream sheep (Lair:4)
  A yak (D:10)
  A shadow (D:9)
  A vampire (D:12)
  2 steam dragons
  3 fire elementals
  A hell hound (Orc:1)
  2 water moccasins
  5 orc warriors
  A sky beast (D:8)
  A boggart (D:12)
  5 ogres
  A wolf (Lair:3)
  4 kobold brigands
  3 bullfrogs
  A scorpion (D:7)
  4 killer bees
  A troll skeleton (D:10)
  2 howler monkeys
  2 spriggan skeletons (D:10)
  An electric eel (D:10)
  A human zombie (Ossuary)
  A hound (D:4)
  A jelly (D:6)
  An iron imp (Abyss:2)
  4 orc priests
  A sleepcap (D:5)
  An iguana (D:5)
  12 orc wizards
  A hell rat (Lair:3)
  A mummy (Ossuary)
  A gnoll (D:4)
  2 white imps
  A dart slug (D:5)
  21 orcs
  2 endoplasms (D:4)
  A goblin (D:10)
  12 kobolds
  3 butterflies (Lair:3)
143 creatures vanquished.

Vanquished Creatures (others)
  8 battlemagi
  An ancestor (D:4)
  3 starspawn tentacles (Abyss:2)
12 creatures vanquished.

Grand Total: 422 creatures vanquished

Notes
Turn   | Place    | Note
-------+----------+-------------------------------------------
     0 | D:1      | Fymir27 the Minotaur Fighter began the quest for the Orb.
     0 | D:1      | Reached XP level 1. HP: 19/19 MP: 0/0
   309 | D:1      | Reached XP level 2. HP: 27/27 MP: 1/1
   339 | D:1      | Reached skill level 3 in Maces & Flails
   730 | D:1      | Found a faded altar of an unknown god.
   917 | D:1      | Reached XP level 3. HP: 33/33 MP: 2/2
  1524 | D:2      | Reached XP level 4. HP: 39/40 MP: 3/3
  1591 | D:2      | Identified the +0 pair of gloves "Nuzoffay" {Fly Str+2
                  | Dex+3}
  1688 | D:2      | Found a hazy altar of Hepliaklqana.
  1694 | D:2      | Became a worshipper of Hepliaklqana the Forgotten
  1931 | D:3      | Found Ufeoju Nasiu's Antique Armour Emporium.
  1946 | D:3      | Learned a level 2 spell: Passwall
  2019 | D:3      | Reached skill level 4 in Maces & Flails
  2020 | D:3      | Reached skill level 1 in Dodging
  2026 | D:3      | Found Etogahae's Book Emporium.
  2052 | D:3      | Noticed Sigmund
  2166 | D:3      | Found a stormy altar of Qazlal.
  2358 | D:3      | Found a glowing silver altar of Zin.
  2368 | D:3      | Found Emacuerr's Book Shoppe.
  2457 | D:3      | Killed Sigmund
  2458 | D:3      | Reached skill level 5 in Maces & Flails
  2458 | D:3      | Reached XP level 5. HP: 35/47 MP: 4/4
  2458 | D:3      | Reached XP level 6. HP: 40/53 MP: 5/5
  2538 | D:3      | Found Xokequta's General Store.
  2684 | D:4      | Noticed a steam dragon
  2697 | D:4      | Killed a steam dragon
  2698 | D:4      | Reached skill level 5 in Fighting
  2698 | D:4      | Reached skill level 5 in Armour
  2698 | D:4      | Reached skill level 5 in Shields
  2932 | D:4      | Reached * piety under Hepliaklqana
  2972 | D:5      | Entered Level 5 of the Dungeon
  2997 | D:5      | Found a sand-covered staircase.
  3002 | Ossuary  | Entered an ossuary
  3093 | Ossuary  | Reached XP level 7. HP: 52/54 MP: 6/6
  3342 | D:5      | Reached skill level 6 in Maces & Flails
  3520 | D:4      | Found Gozag's Platinum Reserve.
  3522 | D:4      | Found an opulent altar of Gozag.
  4105 | D:5      | Found Foxuama's Armour Emporium.
  4169 | D:4      | Reached skill level 7 in Maces & Flails
  4169 | D:4      | Reached XP level 8. HP: 49/63 MP: 7/7
  4226 | D:5      | Reached ** piety under Hepliaklqana
  4227 | D:5      | Remembered your ancestor Emanuel as a battlemage
  4694 | D:6      | Found a staircase to the Ecumenical Temple.
  4702 | Temple   | Entered the Ecumenical Temple
  4899 | D:6      | Noticed Grinder
  4904 | D:6      | Reached skill level 8 in Maces & Flails
  4906 | D:6      | Killed Grinder
  5374 | D:7      | Noticed Prince Ribbit
  5386 | D:7      | Killed Prince Ribbit
  5387 | D:7      | Reached XP level 9. HP: 57/70 MP: 8/8
  5451 | D:7      | Reached skill level 9 in Maces & Flails
  5481 | D:7      | Reached skill level 5 in Dodging
  5706 | D:7      | Reached *** piety under Hepliaklqana
  6285 | D:8      | Found Oxaffeat's Antique Weapon Shoppe.
  6362 | D:8      | Reached skill level 10 in Maces & Flails
  6594 | D:8      | Noticed Pikel
  6607 | D:8      | Killed Pikel
  6761 | D:8      | Reached XP level 10. HP: 79/79 MP: 9/9
  6767 | D:8      | Found a shimmering blue altar of Sif Muna.
  6915 | D:8      | Found a hazy altar of Hepliaklqana.
  6915 | D:8      | Found a blossoming altar of Fedhas.
  7508 | D:9      | Noticed a centaur warrior
  7518 | D:9      | Gained mutation: You occasionally lose the ability to read
                  | scrolls when taking damage. [potion of mutation]
  7530 | D:9      | Killed a centaur warrior
  7531 | D:9      | Reached skill level 11 in Maces & Flails
  8003 | D:9      | Reached **** piety under Hepliaklqana
  8522 | D:10     | Entered Level 10 of the Dungeon
  8569 | D:10     | Reached skill level 1 in Invocations
  8634 | D:10     | Found a snail-covered altar of Cheibriados.
  8681 | D:10     | Found an iron altar of Okawaru.
  8733 | D:10     | Found a burning altar of Makhleb.
  8786 | D:10     | Identified the +0 robe of Maerua {rCorr}
  9050 | D:10     | Found a staircase to the Lair.
  9134 | D:10     | Noticed Lodul
  9163 | D:10     | Noticed Josephine
  9425 | D:10     | Reached skill level 1 in Earth Magic
  9463 | D:10     | Killed Josephine
  9464 | D:10     | Reached XP level 11. HP: 61/85 MP: 8/11
  9483 | D:10     | Reached skill level 12 in Maces & Flails
 10211 | D:11     | Noticed a cyan ugly thing
 10220 | D:11     | Killed a cyan ugly thing
 10487 | D:11     | Found a bloodstained altar of Trog.
 10673 | D:11     | Learned a level 3 spell: Swiftness
 11075 | D:10     | Killed Lodul
 11127 | D:10     | Found a staircase to the Lair.
 11205 | D:10     | Found a burning altar of Makhleb.
 11327 | D:10     | Found a snail-covered altar of Cheibriados.
 11372 | D:10     | Found an iron altar of Okawaru.
 11834 | Lair:1   | Entered Level 1 of the Lair of Beasts
 11913 | Lair:1   | Reached skill level 1 in Evocations
 11917 | Lair:1   | Reached skill level 1 in Air Magic
 12086 | Lair:1   | Found a glowing golden altar of the Shining One.
 12248 | Lair:1   | Reached ***** piety under Hepliaklqana
 12268 | Lair:1   | Reached skill level 1 in Spellcasting
 12942 | Lair:2   | Noticed an eight-headed hydra
 12949 | Lair:2   | Killed an eight-headed hydra
 13343 | Lair:2   | Reached skill level 13 in Maces & Flails
 13440 | Lair:2   | Found a staircase to the Shoals.
 13454 | Lair:2   | Reached XP level 12. HP: 30/95 MP: 12/14
 14228 | Lair:3   | Found a hole to the Spider Nest.
 14411 | Lair:3   | Reached skill level 10 in Fighting
 14411 | Lair:3   | Reached skill level 10 in Shields
 14414 | Lair:3   | Reached skill level 10 in Armour
 14509 | Lair:3   | Noticed a five-headed hydra
 14517 | Lair:3   | Killed a five-headed hydra
 14947 | Lair:4   | Noticed a five-headed hydra
 14954 | Lair:4   | Killed a five-headed hydra
 15021 | Lair:4   | Noticed a death yak
 15021 | Lair:4   | Noticed a death yak
 15021 | Lair:4   | Noticed a death yak
 15129 | Lair:4   | Reached skill level 5 in Invocations
 15267 | Lair:4   | Reached skill level 14 in Maces & Flails
 15515 | Lair:4   | Reached XP level 13. HP: 88/102 MP: 15/15
 17285 | D:12     | Found a staircase to the Orcish Mines.
 17307 | Orc:1    | Entered Level 1 of the Orcish Mines
 17412 | Orc:1    | Noticed Snorg
 17421 | Orc:1    | Killed Snorg
 17933 | Orc:2    | Entered Level 2 of the Orcish Mines
 17953 | Orc:2    | Noticed Azrael
 18241 | Orc:1    | Killed Azrael
 18242 | Orc:1    | Reached skill level 15 in Maces & Flails
 18534 | Orc:2    | Found a staircase to the Elven Halls.
 18584 | Abyss:2  | Cast into level 2 of the Abyss (orc knight)
 18603 | Abyss:2  | Noticed a starcursed mass
 18634 | Abyss:2  | Noticed a tentacled starspawn
 18649 | Abyss:2  | HP: 2/104 [raiju/living lightning (16)]
 18668 | Abyss:2  | Killed from afar by a starcursed mass

Illustrated notes

Levels and vault maps discovered:
D:1:      scummos_arrival_simple_crosswalls, layout_basic,
          hellmonk_ecumenical_altar_inner_sanctum
D:2:      minmay_evil_eye, layout_loops_ring, basic_altar, st_stairs_10
D:3:      layout_rooms, mainiacjoe_overflow_alcove_1, overflow_temple_1_default,
          serial_shops, shop, nicolae_shop_tiny_real_fake_doors,
          nicolae_book_shop_shelving, shop, uniq_sigmund
D:4:      layout_rooms, nicolae_gozag_zags_fifth_avenue
D:5:      layout_cave_pods, enter_ossuary_2, serial_shops, shop
D:6:      layout_rooms, minmay_temple_entry_ruins, serial_glass,
          glass_columns_a, glass_columns_a, uniq_grinder
D:7:      layout_cave_pools, uniq_prince_ribbit1
D:8:      layout_loops_corners, led_sif_pool, gammafunk_temple_overflow_wave,
          serial_shops, nicolae_shop_waterfront, amcnicky_mini_pool_small,
          uniq_pikel
D:9:      layout_cave_pods
D:10:     layout_basic, bloody_makhleb, mainiacjoe_overflow_tiny_flanked,
          kennysheep_okawaru_gauntlet, nrook_mini_vaults,
          minmay_misc_feat_rugged, hangedman_tell_no_tales, uniq_josephine,
          uniq_lodul
D:11:     layout_loops_ring, bloody_trog
D:12:     layout_basic, orc_0_dummy, ploomutoo_gammafunk_ghost_potion_laboratory
Temple:   nicolae_temple_bog_church
Lair:1:   layout_roguey, basic_altar
Lair:2:   layout_regular_city, minmay_shoals_entry_beasts
Lair:3:   layout_regular_city, spider_nest_entry_a, beast_lair_carwin_9,
          lemuel_fruit_fields, lemuel_fruit_fields, infiniplex_staircase_pool_2,
          lemuel_fruit_fields
Lair:4:   layout_loops_ring
Orc:1:    layout_caves, basic_altar, nicolae_orc_lava_room, uniq_snorg
Orc:2:    st_orc_rangers, layout_caves, uniq_azrael
Abyss:2:  base: D:4, evilmike_abyss_exit_15

Skill      XL: |  1  2  3  4  5  6  7  8  9 10 11 12 13 |
---------------+----------------------------------------+-----
Maces & Flails | 3 5 7 8 10 11 13 14 15 | 15.0
Fighting       | 4 5 6 7 8 9 10 11 | 11.2
Shields        | 4 5 6 7 9 10 11 | 11.2
Armour         | 4 5 6 7 8 9 10 11 | 11.2
Dodging        | 2 3 4 6 7 8 9 |  9.5
Invocations    | 2 4 5 6 |  6.1
Earth Magic    | 1 3 |  3.3
Evocations     | 2 3 4 |  4.6
Air Magic      | 1 2 |  2.1
Spellcasting   | 1 2 |  2.0

Action                     |  1- 3 |  4- 6 |  7- 9 | 10-12 | 13-15 || total
---------------------------+-------+-------+-------+-------+-------++-------
  Melee: Flail             |   104 |    87 |    85 |       |       ||   276
         Headbutt          |    16 |    17 |    33 |    79 |    32 ||   177
         Mace              |       |       |    73 |   190 |    67 ||   330
         Dire flail        |       |       |       |   186 |    73 ||   259
  Throw: Dart              |       |     4 |       |    13 |       ||    17
         Stone             |       |     5 |       |       |       ||     5
   Cast: Swiftness         |       |       |       |     1 |       ||     1
 Invoke: Ancestor Identity |       |     1 |     3 |       |       ||     4
         Recall Ancestor   |       |       |     3 |     3 |     5 ||    11
         Ancestor Life: Ba |       |       |     1 |       |       ||     1
         Transference      |       |       |       |     2 |       ||     2
         Idealise          |       |       |       |       |     2 ||     2
  Evoke: Wand              |       |       |     2 |    13 |    26 ||    41
         Lightning rod     |       |       |       |     5 |     7 ||    12
         Condenser vane    |       |       |       |     1 |     1 ||     2
    Use: Potion            |       |     1 |       |    15 |     6 ||    22
         Scroll            |       |       |       |    18 |     2 ||    20
   Stab: Distracted        |       |       |     3 |     5 |     3 ||    11
 Armour: Scale mail        |    49 |    20 |       |       |       ||    69
         Ring mail         |       |    21 |    34 |    50 |    41 ||   146
         Steam dragon scal |       |       |       |    33 |       ||    33
         Skin              |       |       |       |     7 |       ||     7
  Dodge: Dodged            |    45 |    60 |    59 |   179 |    77 ||   420
  Block: Buckler           |    20 |    26 |    39 |    35 |    15 ||   135
